 Dungeon Crawl Stone Soup version 0.32-a0-986-ga09f62fbf4 (webtiles) character file.

Game seed: 10097306271505480492

132 protoss039 the Digger (level 4, -1/33 HPs)
             Began as a Demonspawn Earth Elementalist on Apr 21, 2024.
             Slain by an iguana (9 damage)
             ... on level 4 of the Dungeon.
             The game lasted 00:04:11 (2683 turns).

protoss039 the Digger (DsEE)                        Turns: 2683, Time: 00:04:11

Health: -1/33      AC:  8    Str: 11    XL:     4   Next: 92%
Magic:  0/2        EV:  9    Int: 17    God:
Gold:   176        SH:  0    Dex: 10    Spells: 1/8 levels left

rFire   . . .        z - +8 sling of the Wary Underlurkers {antimagic, rC- Will+ Str+3 Dex-4}
rCold   x . .        (no shield)
rNeg    . . .        c - +0 ring mail
rPois   .            (no helmet)
rElec   .            (no cloak)
rCorr   +            n - +0 pair of gloves
SInv    .            u - +0 pair of boots
Will    ++...        (no amulet)
Stlth   +            w - ring of resist corrosion
HPRegen 0.25/turn    y - ring of willpower
MPRegen 0.08/turn

%: no passive effects
@: no status effects
A: sharp scales 1
a: no special abilities


You were on level 4 of the Dungeon.
You visited 1 branch of the dungeon, and saw 4 of its levels.

You collected 176 gold pieces.

Inventory:

Hand Weapons
 t - a +1 short sword of venom
 z - the +8 sling of the Wary Underlurkers (weapon) {antimagic, rC- Will+ Str+3 Dex-4}
   (You found it on level 4 of the Dungeon)

   Str+3:     It affects your strength (+3).
   Dex-4:     It affects your dexterity (-4).
   rC-:       It makes you vulnerable to cold.
   Will+:     It increases your willpower.
Armour
 a - a +0 robe
 c - a +0 ring mail (worn)
 n - a +0 pair of gloves (worn)
 u - a +0 pair of boots (worn)
Jewellery
 w - a ring of resist corrosion (left hand)
 y - a ring of willpower (right hand)
Scrolls
 e - a scroll of immolation {unknown}
 g - a scroll of enchant weapon {unknown}
 i - a scroll of noise {unknown}
 j - 3 scrolls of teleportation {unknown}
 k - a scroll of butterflies {unknown}
 m - 2 scrolls of vulnerability {unknown}
 q - a scroll of fear {unknown}
 r - 2 scrolls of identify {unknown}
 A - a scroll of brand weapon {unknown}
 B - a scroll of fog {unknown}
 C - a scroll of revelation
Potions
 b - a potion of magic
 d - 2 potions of berserk rage {unknown}
 f - a potion of degeneration {unknown}
 h - a potion of curing {unknown}
 l - 2 potions of attraction {unknown}
 o - a potion of might {unknown}
 p - a potion of invisibility {unknown}
 s - 2 potions of haste {unknown}
 v - a potion of mutation {unknown}
 x - a potion of lignification {unknown}
 D - a potion of heal wounds {unknown}


   Skills:
 + Level 2.0 Fighting
 * Level 1.1 Armour
 + Level 2.0 Dodging
 + Level 2.1 Stealth
 + Level 2.8 Spellcasting
 + Level 1.4 Conjurations
 + Level 3.3 Earth Magic


You had one spell level left.
You knew the following spells:

 Your Spells              Type           Power      Damage    Failure   Level
a - Sandblast             Erth           26%        2d8       11%         1
b - Passwall              Erth           13%        N/A       32%         3
c - Stone Arrow           Conj/Erth      20%        3d8       43%         3

Your spell library contained the following spells:

 Spells                   Type           Power      Damage    Failure   Level
 Foxfire                  Conj/Fire      16%        2x1d4     30%         1
 Mercury Vapours          Alch/Air       4%         N/A       54%         2
 Mephitic Cloud           Conj/Alch/Air  4%         N/A       71%         3
 Frozen Ramparts          Ice            4%         1d1       77%         3
 Ozocubu's Armour         Ice            2%         N/A       77%         3
 Brom's Barrelling Bould  Conj/Erth      10%        2d3       83%         4
 Petrify                  Alch/Erth      8%         N/A       91%         4
 Freezing Cloud           Conj/Ice/Air   2%         6-21      100%        5
 Metabolic Englaciation   Hex/Ice        1%         N/A       100%        5
 Plasma Beam              Fire/Air       1%         2x1d11    100%        6
 Starburst                Conj/Fire      2%         6d3       100%        6


Dungeon Overview and Level Annotations

Branches:
Dungeon (4/15) Zot: 21278
 Temple: D:4-7

Altars:
Nemelex Xobeh

Annotations:
D:1 1 transporter
D:4 Natasha


Innate Abilities, Weirdness & Mutations

You are partially covered in razor-sharp scales. (AC +1, Slay +1)


Message History

The iguana bites you!
Unknown command.
Casting: Sandblast (safe; 11% risk of failure)
Confirm with . or Enter, or press ? or * to list all spells.
Aiming: Sandblast (safe; 11% risk of failure)
Press: ? - help, Shift-Dir - straight line, f/p - iguana
Aim: an iguana (lightly wounded, 84% to hit)
The blast of sand hits the iguana!
The iguana is heavily wounded.
The iguana bites you.
Unknown command.
Casting: Sandblast (safe; 11% risk of failure)
Confirm with . or Enter, or press ? or * to list all spells.
You don't have enough magic to cast this spell.
Unknown command.
Unknown command.
You shoot a sling bullet. The sling bullet hits the iguana.
The iguana is severely wounded.
The iguana barely misses you. The iguana bites you!
Unknown command.
You are too injured to fight recklessly!
You are too injured to fight recklessly!
Unknown command.
Fire: z) +8 sling of the Wary Underlurkers {antimagic, rC- Will+ Str+3 Dex-4}
Press: ? - help, Shift-Dir - straight line, f/p - iguana
Aim: an iguana (severely wounded, 69% to hit)
You shoot a sling bullet.
The sling bullet barely misses the iguana.
The iguana closely misses you.
Unknown command.
Unknown command.
Fire: z) +8 sling of the Wary Underlurkers {antimagic, rC- Will+ Str+3 Dex-4}
Press: ? - help, Shift-Dir - straight line, f/p - iguana
Aim: an iguana (severely wounded, 69% to hit)
You shoot a sling bullet.
The sling bullet barely misses the iguana.
The iguana bites you.
* * * LOW HITPOINT WARNING * * *
The iguana bites you!
You die...

#.#.###.###.......#
#.#.........####.##
#.####.##......#.#
#.........(....#†#
######.###.....#.#
.. #..........#.#
## #######.)..#.#
....#.# ####.###@#
.# .......l.# .#
####?##### #


You could see an iguana.

Vanquished Creatures
  3 iguanas (D:4)
  An adder (D:4)
  A dart slug (D:1)
  4 endoplasms
  3 giant cockroaches (D:1)
  5 goblins
  6 hobgoblins
  3 jackals (D:2)
  3 kobolds
  A quokka (D:4)
  A ball python (D:1)
  3 bats
  4 frilled lizards
  9 rats
47 creatures vanquished.

Notes
Turn   | Place    | Note
-------+----------+-------------------------------------------
     0 | D:1      | protoss039 the Demonspawn Earth Elementalist began the
                  | quest for the Orb.
     0 | D:1      | Reached XP level 1. HP: 13/13 MP: 3/3
   193 | D:1      | Gained mutation: You are partially covered in razor-sharp
                  | scales. (AC +1, Slay +1) [demonic ancestry]
   193 | D:1      | Reached XP level 2. HP: 20/20 MP: 3/5
   406 | D:1      | Reached skill level 1 in Fighting
   523 | D:1      | Reached skill level 3 in Earth Magic
   951 | D:2      | Found a sparkling altar of Nemelex Xobeh.
   988 | D:2      | Reached XP level 3. HP: 14/26 MP: 0/6
  1084 | D:2      | Learned a level 3 spell: Passwall
  1088 | D:2      | Learned a level 3 spell: Stone Arrow
  1825 | D:3      | Found a faded altar of an unknown god.
  2272 | D:4      | Noticed Natasha
  2294 | D:4      | Identified the +8 sling of the Wary Underlurkers
                  | {antimagic, rC- Will+ Str+3 Dex-4}
  2311 | D:4      | Reached XP level 4. HP: 20/33 MP: 2/8
  2505 | D:4      | Reached skill level 1 in Armour
  2683 | D:4      | Slain by an iguana

Illustrated notes

Levels and vault maps discovered:
D:1:      spicycebolla_arrival_risky_transporter, layout_loops_ring
D:2:      layout_rooms, basic_altar
D:3:      layout_loops_ring, basic_ecumenical_altar,
          amcnicky_mini_corridor_feature, minmay_hedge_maze,
          minmay_misc_feat_rugged
D:4:      layout_basic, kennysheep_dice, uniq_natasha, uniq_crazy_yiuf_cottage

Skill      XL: |  1  2  3  4 |
---------------+-------------+-----
Fighting       | 1 2 |  2.0
Earth Magic    | 3 |  3.3
Dodging        | 2 |  2.0
Stealth        | 2 |  2.1
Armour         | 1 |  1.1
Spellcasting   | |  2.8
Conjurations   | |  1.4

Action                     |  1- 3 |  4- 6 || total
---------------------------+-------+-------++-------
  Melee: Unarmed           |    12 |       ||    12
         Dagger            |    21 |       ||    21
         Short sword       |     6 |       ||     6
   Fire: Sling             |     6 |    23 ||    29
   Cast: Sandblast         |    44 |     4 ||    48
    Use: Scroll            |     1 |       ||     1
   Stab: Sleeping          |     2 |       ||     2
 Armour: Robe              |    42 |       ||    42
         Ring mail         |     7 |     9 ||    16
  Dodge: Dodged            |    41 |     6 ||    47

Table legend: (Time is in decaauts)
 A = Elapsed time spent in this place.
 B = Non-inter-level travel time spent in this place.
 C = Inter-level travel time spent in this place.
 D = Time resting spent in this place.
 E = Time spent auto-exploring this place.
 F = Levels seen in this place.
 G = Mean time per level.
                   A        B        C        D        E       F      G
               +--------+--------+--------+--------+--------+-----+--------+
         Total |   2719 |   2598 |    121 |    133 |   2068 |   4 |  679.8 |
       Dungeon |   2719 |   2598 |    121 |    133 |   2068 |   4 |  679.8 |
               +--------+--------+--------+--------+--------+-----+--------+

Top non-repeatable levels by time:
     D:1: 963 daAuts
     D:3: 751 daAuts
     D:2: 590 daAuts
     D:4: 414 daAuts
